Unix NetHack Version 3.7.0-53 Work-in-progress - last build Apr 18 2022 13:42:29 (02b85442fffe0e2954e411e09df771b56fe27bbc,branch:master). Game began 2022-05-02 20:33:31, ended 2022-12-02 04:27:37. Merlek, neutral male human Wizard --------- X |a......| @ |....a..| |.a.@...| t |aa.@..a| |A |aa.&aa.| | |.A----.---- .| |..A.@@aaA@A..| ---..aa.@...--- -----|----- Aa.@SA@ ----- .4..4.. .....| ....5.. .....-- ...%... ......--....... ......----.--- .... ............ ...... ---------- ---- Merlek the Necromancer St:18/21 Dx:17 Co:18 In:18 Wi:18 Ch:13 Neutral Astral Plane $:0 HP:157(221) Pw:315(339) AC:-37 Xp:24/40012571 T:53223 Latest messages: You see here a soldier ant corpse. Death moves the giant beetle out of the way! "Thy gaze is so vacant, I thought thee a floating eye!" The high priestess of Thoth swings her mace. The high priestess of Thoth misses! The high priestess of Thoth kicks! The high priestess of Thoth casts a spell at you! Scales cover your eyes! You hear a mumbled curse. The high priestess of Thoth hits! The high priestess of Thoth kicks! You try to feel what is lying here on the altar. There is a high altar to Thoth (neutral) here. You feel no objects here. The killer bee misses! What do you want to use or apply? [fhik-mo-qstwxzDGIKMPRTXY or ?*] Raising your wand of teleportation high above your head, you break it in two! You hear a blast. Thoth roars: "Thou dost profane my shrine!" The bolt of lightning hits the giant beetle! Your arm tingles. The bolt of lightning hits the giant ant! You are caught in the magical blast! The killer bee vanishes and reappears further away. The high priestess of Thoth resists your magic! A mysterious force prevents you from teleporting! Death moves the killer bee out of the way! The high priestess of Thoth misses! The high priestess of Thoth just misses! You hear a mumbled curse. The high priestess of Thoth hits! The high priestess of Thoth kicks! You hear a mumbled curse. What do you want to use or apply? [fhik-mo-qstwxzDGIMPRTXY or ?*] You can see again. In what direction? Never mind. # What do you want to sacrifice? [Z or ?*] You offer the Amulet of Yendor to Thoth... An invisible choir sings, and you are bathed in radiance... The voice of Thoth booms out: "Mortal, thou hast done well!" "In return for thy service, I grant thee the gift of Immortality!" You ascend to the status of Demigod... Do you want your possessions identified? [ynq] (y) Do you want to see your attributes? [ynq] (y) Do you want an account of creatures vanquished? [ynaq] (y) Do you want a list of species genocided and extinct? [ynq] (y) Do you want to see your conduct and achievements? [ynq] (y) Do you want to see the dungeon overview? [ynq] (y) Major events: Turn 1: Merlek the neutral male human Wizard entered the dungeon 139: found Cleaver on the floor 681: entered the Gnomish Mines 706: attained the rank of Conjurer (level 3) 1566: reached Mine Town 2331: made his first wish - "blessed greased fixed +2 silver dragon scale mail" 3015: attained the rank of Thaumaturge (level 6) 7457: bestowed with Magicbane by Thoth 8516: destroyed nurdglaw's ghost, the former Ninja 9378: entered Sokoban 11296: acquired the Mines' End luckstone 11683: attained the rank of Magician (level 10) 12919: completed sokoban 2 13197: completed sokoban 3 13914: completed sokoban 4 14047: acquired the Sokoban bag of holding 14207: bestowed with Werebane by Thoth 15939: bestowed with Ogresmasher by Thoth 17515: performed his first genocide (class h) 17515: genocided class L 20710: genocided class ; 20715: attained the rank of Enchanter (level 14) 20805: killed Medusa 21885: wished for "2 blessed scrolls of charging" 21887: wished for "blessed greased fixed ring of levitation" 24166: killed the invisible Dark One 24166: found the Eye of the Aethiopica carried by a monster 24167: acquired the Bell of Opening 25531: attained the rank of Sorcerer (level 18) 25907: bestowed with Trollsbane by Thoth 28059: entered Gehennom 29585: wished for "blessed spellbook of polymorph" 29632: wished for "blessed spellbook of finger of death" 30906: genocided class P 30991: killed Juiblex 31874: wished for "blessed greased fixed ring of levitation" 31925: bribed Asmodeus with 45 zorkmids for safe passage 35057: destroyed Vlad the Impaler 35058: acquired the Candelabrum of Invocation 39049: killed Orcus 39925: killed Baalzebub 47978: attained the rank of Necromancer (level 22) 48497: genocided class c 48498: genocided class R 48499: genocided class f 49550: killed the invisible Wizard of Yendor 49551: killed the Wizard of Yendor (2nd time) 49559: acquired the Book of the Dead 49856: performed the invocation 49982: killed Yeenoghu 50503: killed the high priest of Moloch 50507: acquired The Amulet of Yendor 50529: killed the Wizard of Yendor (3rd time) 52356: genocided class n 52722: entered the Elemental Planes 52722: entered Plane of Earth 52723: killed the Wizard of Yendor (5th time) 52777: entered Plane of Air 52828: entered Plane of Fire 52850: entered Plane of Water 53199: entered the Astral Plane 53210: killed Death 53223: ascended Inventory: Amulets N - an uncursed amulet of life saving n - the blessed Eye of the Aethiopica (being worn) Weapons H - 6 +3 elven daggers (at the ready) a - the blessed rustproof +4 Magicbane (weapon in hand) Armor j - a blessed fireproof +6 elven leather helm (being worn) y - a blessed fireproof +4 pair of gauntlets of dexterity (being worn) W - a blessed fireproof +5 pair of speed boots (being worn) b - a blessed fireproof +5 cloak of magic resistance (being worn) J - a blessed +2 Hawaiian shirt with a sea turtle motif (being worn) r - a blessed greased +4 silver dragon scale mail (being worn) Comestibles M - 2 uncursed lumps of royal jelly Scrolls v - a blessed scroll of blank paper B - 4 blessed scrolls of blank paper e - 2 uncursed scrolls of blank paper Potions p - an uncursed diluted potion of oil Rings L - an uncursed ring of conflict (on right hand) S - an uncursed ring of free action (on left hand) O - an uncursed ring of slow digestion Wands m - a wand of cold (0:7) Y - a wand of cold (0:7) R - a wand of death (0:6) G - a wand of digging (0:3) o - a wand of lightning (0:2) t - a wand of striking (1:7) T - a wand of teleportation (2:5) z - a wand of teleportation (0:3) Tools I - a blessed bag of holding containing 27 items q - an empty uncursed sack f - an uncursed bugle named genocided Lh; + something more w - a magic harp (0:5) s - the Bell of Opening (0:2) X - an uncursed blindfold named p8886 i - the uncursed Candelabrum of Invocation (0 of 7 candles attached) P - a crystal ball (0:4) l - a blessed magic lamp (lit) D - a magic marker (1:38) x - a rusty +0 pick-axe named nc k - an uncursed skeleton key named ALL h - a blessed +0 unicorn horn Gems/Stones g - a blessed luckstone named protection 8 Contents of the bag of holding: an uncursed amulet of life saving an uncursed amulet of life saving an uncursed amulet of unchanging an uncursed +0 pair of water walking boots 3 uncursed lembas wafers 8 uncursed lumps of royal jelly a blessed scroll of blank paper a blessed scroll of charging 2 blessed scrolls of charging an uncursed scroll of earth 5 blessed scrolls of genocide 2 blessed scrolls of identify a blessed scroll of remove curse 3 uncursed scrolls of scare monster a blessed scroll of taming 5 blessed potions of full healing 2 blessed potions of gain energy a blessed potion of levitation 5 potions of holy water an uncursed ring of levitation an uncursed ring of polymorph control a wand of death (0:5) a wand of digging (0:8) a wand of digging (0:7) a wand of enlightenment (0:10) a wand of striking (0:5) an uncursed stethoscope Merlek the Wizard's attributes: Background: You were a Necromancer, a level 24 male human Wizard. You were neutral, on a mission for Thoth who was opposed by Ptah (lawful) and Anhur (chaotic). You were in the endgame, on the Astral Plane. You entered the dungeon 53223 turns ago. It was nighttime. You had 40012571 experience points, 9987429 more were needed for level 25. Basics: You had 157 out of 221 hit points. You had 315 out of 339 energy points (spell power). Your armor class was -37. Your wallet was empty. Autopickup was on for '$' plus thrown, with exceptions. Final Characteristics: Your strength was 18/21 (limit:18/100). Your dexterity was 17 (base:13, peak:18, limit:18). Your constitution was 18 (limit:18). Your intelligence was 18 (limit:18). Your wisdom was 18 (limit:18). Your charisma was 13 (limit:18). Final Status: You were not hungry. You were unencumbered. You were wielding a dagger. You had expert skill with dagger. Final Attributes: You were piously aligned. You were magic-protected. You were fire resistant. You were cold resistant. You were sleep resistant. You were disintegration-resistant. You were shock resistant. You were poison resistant. You were telepathic. You were warned. You were invisible. You caused conflict. You had teleport control. You had a moderate defense bonus (+8). You were warded. You took half spell damage. You were very fast. You had reflection. You had free action. You were lucky. You had extra luck. Good luck did not time out for you. You survived. Miscellaneous: You encountered 1 bones level. Total elapsed playing time was 18 hours, 7 minutes and 10 seconds. Vanquished creatures: Baalzebub Orcus Yeenoghu Juiblex the Wizard of Yendor (5 times) Death Vlad the Impaler a high cleric a mastodon Medusa a kraken 4 iron golems a storm giant a glass golem 3 balrogs 7 purple worms 2 gray dragons a gold dragon a silver dragon 2 red dragons 8 white dragons 4 orange dragons 10 black dragons a blue dragon 2 green dragons 2 yellow dragons 17 minotaurs 5 jabberwocks the Dark One 5 baluchitheria 2 Angels 5 Olog-hai a Nazgul 9 pit fiends 3 sandestins 5 hell hounds 3 displacer beasts 8 titanotheres 5 trappers a baby red dragon a baby black dragon 2 baby yellow dragons 3 guardian nagas 2 genetic engineers 5 disenchanters 24 vampire leaders 5 skeletons 9 aligned clerics 7 captains 6 shades 2 clay golems 10 nurses 5 ice devils 8 nalfeshnees 4 lurkers above 7 ettins 2 golden nagas 4 black puddings 36 vampires 8 lieutenants 51 ghosts 16 queen bees 5 winged gargoyles 11 giant mimics 5 long worms 7 zruties 3 fire giants 6 ogre tyrants 4 ice trolls 18 rock trolls 6 umber hulks 3 flesh golems 6 elven monarchs a doppelganger 18 hezrous 11 bone devils 7 large mimics 5 wumpuses 2 fire vortices 2 couatls 12 stalkers 5 air elementals 6 fire elementals 6 earth elementals 19 water elementals 3 hill giants 2 giant mummies 9 black nagas 12 xorns 21 giant zombies 14 elf-nobles 12 sergeants 5 barbed devils 7 vrocks 2 salamanders 16 wargs 2 winter wolves 7 hell hound pups 12 small mimics 2 glass piercers 6 warhorses 3 steam vortices 11 xans 5 ettin mummies 9 ogre leaders 13 quantum mechanics 14 trolls 4 sasquatches 6 wood golems 3 erinyes 4 mariliths 5 gelatinous cubes 5 pyrolisks 2 large dogs 3 freezing spheres 11 flaming spheres 7 shocking spheres a large cat 10 tigers 7 gargoyles 11 tengu 10 ochre jellies 15 leocrottas 3 energy vortices 5 mountain centaurs 10 stone giants 5 elf mummies 5 human mummies 3 red nagas 2 green slimes 5 pythons 6 pit vipers 25 cobras 42 wraiths 11 carnivorous apes 21 ettin zombies 3 leather golems 18 Grey-elves 74 soldiers 2 watchmen 8 amorous demons 12 horned devils 9 chameleons 2 crocodiles 10 giant beetles 6 quivering blobs 18 cockatrices 12 wolves 5 winter wolf cubs 5 lynxes 2 panthers 10 gremlins 4 spotted jellies 23 leprechauns 3 orc-captains 5 iron piercers 2 mumakil 14 giant spiders 8 scorpions 4 horses an ice vortex 9 black lights 50 vampire bats 2 forest centaurs 6 gnome rulers 7 orc mummies 4 dwarf mummies 9 ogres 6 brown puddings 15 rust monsters 13 owlbears 6 yetis 3 gold golems 8 werewolves 15 Green-elves 2 giant eels 12 lizards 12 chickatrices 2 dingoes a dog 3 housecats 7 jaguars 4 dwarf leaders 5 blue jellies 5 white unicorns a gray unicorn 3 black unicorns 9 dust vortices 14 ravens 5 plains centaurs 2 gnome mummies 12 snakes 2 water moccasins 9 apes 18 human zombies 3 rope golems 14 Woodland-elves 18 soldier ants 10 fire ants 3 bugbears 9 imps 9 quasits 7 wood nymphs 7 water nymphs 4 mountain nymphs 16 Mordor orcs 10 Uruk-hai 6 orc shamans 7 rock piercers 10 rock moles 6 ponies 3 fog clouds 11 yellow lights a shrieker 5 violet fungi 22 gnome leaders 9 gnomish wizards 6 kobold mummies 2 red naga hatchlings 4 black naga hatchlings 7 gray oozes 3 barrow wights 18 elf zombies 18 ghouls 2 jellyfish 13 giant ants 2 little dogs 14 floating eyes 2 kittens 24 dwarves 7 homunculi 2 kobold leaders a kobold shaman 33 hill orcs 27 rothes 5 rabid rats 6 centipedes 10 giant bats 3 monkeys 15 orc zombies 15 dwarf zombies 3 wererats a werejackal 14 iguanas 84 killer bees 2 acid blobs 2 coyotes 3 gas spores 11 hobbits 16 manes 15 hobgoblins 6 giant rats 3 cave spiders 2 yellow molds a red mold 72 gnomes 5 garter snakes 16 gnome zombies 10 geckos 15 jackals 2 foxes 2 kobolds 9 goblins 13 grid bugs 10 bats 10 lichens 25 kobold zombies 8 newts 2283 creatures vanquished. Genocided or extinct species: chickatrices cockatrices pyrolisks kittens housecats jaguars lynxes panthers large cats tigers displacer beasts hobbits dwarves bugbears dwarf leaders dwarf rulers mind flayers master mind flayers wood nymphs water nymphs mountain nymphs liches demiliches master liches arch-liches gray oozes brown puddings green slimes black puddings rust monsters disenchanters erinyes (extinct) jellyfish piranha sharks giant eels electric eels krakens 37 species genocided. 1 species extinct. Voluntary challenges: You read items or engraved 162 times. You never engraved Elbereth. You genocided 37 types of monsters. You used 6 wishes. You did not wish for any artifacts. You violated the special Sokoban rules thrice. Achievements: You entered a shop. You entered the Gnomish Mines. You attained the rank of Conjurer. You entered Minetown. You entered a temple. You attained the rank of Thaumaturge. You entered Sokoban. You completed the Gnomish Mines. You attained the rank of Magician. You completed Sokoban. You attained the rank of Enchanter. You defeated Medusa. You learned the tune to open and close the Castle's drawbridge. You had the Bell of Opening. You attained the rank of Sorcerer. You entered Gehennom. You had the Candelabrum of Invocation. You attained the rank of Necromancer. You handled the Book of the Dead. You gained access to Moloch's Sanctum. You reached the Elemental Planes. You reached the Astral Plane. You delivered the Amulet of Yendor. You ascended! The Elemental Planes: Astral Plane: <- You are here. A temple to Thoth. Plane of Water: Plane of Fire: Plane of Air: Plane of Earth: The Dungeons of Doom: levels 1 to 28 Level 1: A fountain. One way stairs up to The Elemental Planes. Level 2: A scroll shop. Stairs down to The Gnomish Mines. Level 3: "icebox with corpses" A weapon shop. Level 4: "non id 300 scroll in shop" A scroll shop. Level 5: An altar to Thoth, a grave. Level 6: An armor shop. Level 7: "3000$" An altar to Thoth, some fountains, a grave. Level 8: Many fountains. Oracle of Delphi. Final resting place for nurdglaw-Sam-Hum-Mal-Law, killed by a mumak. Level 9: An altar to Thoth. Stairs up to Sokoban, level 8. Level 10: A fountain, a sink. Level 11: Many fountains. Level 12: A bookstore. Level 13: Many graves. Level 14: A general store, some fountains. Level 15: A fountain. Portal to The Quest. Level 16: Level 17: Level 18: A primitive area. Level 19: "vault" An altar to Thoth, a fountain. Level 20: Level 21: Level 22: A fountain, a sink. Level 23: A temple, a fountain. Level 24: Some fountains. Level 25: Level 26: Level 27: "4300$" A fountain, many trees. Level 28: A fountain. The castle (play notes "EDDEB" to open or close drawbridge). Connection to Gehennom. Gehennom: levels 29 to 51 Level 29: A temple, many graves. Valley of the Dead. Level 30: Level 31: Level 32: Some fountains. Level 33: Level 34: Level 35: Level 36: Level 37: Level 38: Level 39: Stairs up to Vlad's Tower, level 38. Level 40: Level 41: Level 42: Level 43: "ORCUS" Some shops, an altar, many graves. Level 44: "ORCUS ABOVE" Level 45: Level 46: "REAL TOWER" Level 47: Level 48: Level 49: Level 50: Level 51: A temple, many graves. Moloch's Sanctum. The Gnomish Mines: levels 3 to 11 Level 3: "cf below" Level 4: Level 5: "spellbook healing + protection" Many shops, a temple to Thoth, some fountains. Level 6: Level 7: Level 8: Level 9: Level 10: Level 11: "some potions" The Quest: levels 1 to 5 Level 1: A throne. Completed quest for Neferet the Green. Level 2: Level 3: Level 4: Level 5: A temple. Sokoban: levels 8 up to 5 Level 5: Solved. Level 6: Solved. Level 7: Solved. Level 8: Unsolved. Vlad's Tower: levels 38 up to 36 Level 36: A throne. Level 37: Level 38: Goodbye Merlek the Demigod... You went to your reward with 2572310 points, Magicbane (worth 3500 zorkmids and 8750 points) The Candelabrum of Invocation (worth 5000 zorkmids and 12500 points) The Eye of the Aethiopica (worth 4000 zorkmids and 10000 points) The Bell of Opening (worth 5000 zorkmids and 12500 points) 3 amulets of life saving (worth 450 zorkmids), 1 amulet of unchanging (worth 150 zorkmids), and 0 pieces of gold, after 53223 moves. You were level 24 with a maximum of 221 hit points when you ascended.